 Dungeon Crawl Stone Soup version 0.31-a0-1074-g0b22e4e0f1 (webtiles) character file.

Game seed: 12601269492592310437

1 drugrobin the Sneak (level 1, -1/18 HPs)
             Began as a Demigod Delver on Dec 7, 2023.
             Slain by a phantom (7 damage)
             ... on level 3 of the Dungeon.
             The game lasted 00:02:42 (523 turns).

drugrobin the Sneak (Demigod Delver)                 Turns: 523, Time: 00:02:43

Health: -1/18      AC:  3    Str: 13    XL:     1   Next: 13%
Magic:  12/12      EV: 12    Int: 12    God:
Gold:   14         SH:  0    Dex: 15    Spells: 0/0 levels left

rFire   . .          .
                       - Unarmed
rCold   . . .        (no shield)
rNeg    . . .        a - +0 leather armour
rPois   .            (no helmet)
rElec   .            (no cloak)
rCorr   .            (no gloves)
SInv    .            (no boots)
Will    .....        (no amulet)
Stlth   +++          h - ring of magical power
HPRegen 0.23/turn    (no ring)
MPRegen 0.13/turn

%: no passive effects
@: no status effects
A: high MP 1, forlorn, divine attributes
a: no special abilities


You were on level 3 of the Dungeon.
You visited 1 branch of the dungeon, and saw 3 of its levels.

You collected 14 gold pieces.

Inventory:

Armour
 a - a +0 leather armour (worn)
 g - a +0 chain mail
 i - a +0 scale mail
Jewellery
 h - a ring of magical power (left hand)
Wands
 f - a wand of digging (3)
Scrolls
 b - a scroll of fog
 c - a scroll of revelation
 d - a scroll of fear
Potions
 e - a potion of haste


   Skills:
 - Level 2.7 Fighting
 - Level 1.8 Dodging
 - Level 4.5 Stealth
 + Level 1.8 Unarmed Combat


You couldn't memorise any spells.
You didn't know any spells.
Your spell library was empty.

Dungeon Overview and Level Annotations

Branches:
Dungeon (5/15)             Temple (0/1) D:5

Annotations:
D:5 1 runed translucent door, exclusions: 2 iguanas and ogre, Crazy Yiuf


Innate Abilities, Weirdness & Mutations

You have an increased reservoir of magic. (+10% MP)
You shall have no god before yourself.
Your divine heritage dramatically boosts your attributes as you level up.


Message History

You climb upwards.
Found 11 gold pieces and a long sword.
Found an escape hatch in the floor.
Found a stone staircase leading up.
There is a stone staircase leading down here.
Unknown command.
Unknown command.
Unknown command.
The adder zombie completely misses you. The adder zombie bites you.
The adder zombie attacks as it pursues you!
The adder zombie closely misses you.
The phantom hits you but does no damage.
The scorpion zombie barely misses you.
The adder zombie attacks as it pursues you!
The adder zombie bites you but does no damage.
Unknown command.
Unknown command.
There is a stone staircase leading up here.
Unknown command.
Unknown command.
HP restored.
The phantom misses you. The scorpion zombie hits you.
The adder zombie bites you.
You climb upwards.
Found an ornate altar of the Wu Jian Council and a radiant altar of Vehumet.
There is a stone staircase leading down here.
Unknown command.
Unknown command.
The phantom completely misses you. The phantom hits you.
Found a shadowy altar of Dithmenos.
Unknown command.
Unknown command.
Unknown command.
Unknown command.
Unknown command.
The phantom attacks as it pursues you! The phantom hits you.
The phantom blinks!
You blink.
Unknown command.
Unknown command.
The phantom hits you!
You die...

# ### ## #.
###_###8###
#.##8.W@8...8##
#.##.........##
#.#>..ยงยง....._#
####.........##
###8...8...8##
###_###8### ###
##


You could see a phantom.

Vanquished Creatures
  A quokka (D:5)
1 creature vanquished.

Notes
Turn   | Place    | Note
-------+----------+-------------------------------------------
     0 | D:5      | drugrobin the Demigod Delver began the quest for the Orb.
     0 | D:5      | Reached XP level 1. HP: 18/18 MP: 3/3
   129 | D:5      | Found a staircase to the Ecumenical Temple.
   130 | D:5      | Noticed an iguana
   162 | D:5      | Noticed an ogre
   171 | D:5      | Noticed a sleepcap
   210 | D:5      | Found a runed translucent door.
   211 | D:5      | Noticed Crazy Yiuf
   252 | D:5      | Noticed an iguana
   470 | D:4      | Noticed a scorpion
   509 | D:4      | Noticed a phantom
   523 | D:3      | Slain by a phantom

Illustrated notes

Levels and vault maps discovered:
D:3:      layout_rooms, nicolae_overflow_hidden_temple,
          gammafunk_ghost_abyssal_escape, minivault_5
D:4:      layout_cave_pools, serial_undead, serial_undead_f, serial_undead_f,
          serial_undead_b, serial_undead_d, serial_undead_a, uniq_eustachio
D:5:      layout_loops_ring, lemuel_tele_altar, minmay_temple_entry_sparse_star,
          uniq_crazy_yiuf_cottage

Action                     || total
---------------------------++-------
  Melee: Unarmed           ||     1
   Stab: Sleeping          ||     1
 Armour: Leather armour    ||     8
  Dodge: Dodged            ||     5

Table legend: (Time is in decaauts)
 A = Elapsed time spent in this place.
 B = Non-inter-level travel time spent in this place.
 C = Inter-level travel time spent in this place.
 D = Time resting spent in this place.
 E = Time spent auto-exploring this place.
 F = Levels seen in this place.
 G = Mean time per level.
                   A        B        C        D        E       F      G
               +--------+--------+--------+--------+--------+-----+--------+
         Total |    522 |    381 |    141 |      0 |    183 |   3 |  174.0 |
       Dungeon |    522 |    381 |    141 |      0 |    183 |   3 |  174.0 |
               +--------+--------+--------+--------+--------+-----+--------+

Top non-repeatable levels by time:
     D:5: 507 daAuts
     D:4: 10 daAuts
     D:3: 4 daAuts
